 Dungeon Crawl Stone Soup version 0.27-a0-679-g77a6b55cf3 (webtiles) character file.

Game seed: 15676035472214217254

69639 Dreamer the Peltast (level 15, -1/126 HPs)
             Began as a Formicid Fighter on Mar 19, 2021.
             Was the Champion of Trog.
             Slain by an orc warrior
             ... wielding a +0 glaive
              (6 damage)
             ... while petrified by Jorgrun
             ... on level 1 of the Orcish Mines.
             The game lasted 01:41:41 (27640 turns).

Dreamer the Peltast (Formicid Fighter)             Turns: 27640, Time: 01:41:42

Health: -1/126     AC: 24    Str: 26    XL:     15   Next: 75%
Magic:  15/15      EV: -1    Int:  4    God:    Trog [******]
Gold:   1554       SH:  0    Dex: 15    Spells: 14/14 levels left

rFire    x x .     SeeInvis +   T - +6 great mace (flame)
rCold    + + +     Faith    .   c - +0 kite shield
rNeg     + + +     Spirit   .   i - +0 ice dragon scales
rPois    ∞         Reflect  .   (helmet unavailable)
rElec    .         Harm     .   (no cloak)
rCorr    .         Rampage  .   n - +2 pair of gloves of the Slightly Bent {rPois Int-5 Dex+5 Stlth+}
Will     ++...     Clarity  +   C - +0 pair of boots "Goenn" {rC+ Will+}
Stlth    +.........             s - amulet of the acrobat
HPRegen  0.31/turn              Q - +4 ring of protection
MPRegen  0.14/turn              N - ring of ice

@: petrified, grasped by roots, constricted
A: permanent stasis, dig shafts and tunnels, antennae 3, four strong arms,
clarity, shaggy fur 1, MP-powered wands
a: Dig, Shaft Self, Renounce Religion, Trog's Hand, Brothers in Arms


You were on level 1 of the Orcish Mines.
You worshipped Trog.
Trog was exalted by your worship.
You visited 4 branches of the dungeon, and saw 20 of its levels.
You also visited: Sewer, Bailey and Ice Cave.

You collected 2110 gold pieces.
You spent 556 gold pieces at shops.

Inventory:

Hand Weapons
 u - a +2 vorpal executioner's axe
 T - a +6 great mace of flaming (weapon)
Missiles
 b - 28 javelins (quivered)
 l - 13 silver javelins
 L - 8 curare-tipped darts
 U - 8 atropa-tipped darts
Armour
 c - a +0 kite shield (worn)
 i - +0 ice dragon scales (worn)
 n - the +2 pair of gloves of the Slightly Bent (worn) {rPois Int-5 Dex+5 Stlth+}
   (You found it on level 6 of the Dungeon)

   It affects your intelligence (-5).
   It affects your dexterity (+5).
   It protects you from poison.
   It makes you more stealthy.
 v - a +0 plate armour
 C - the +0 pair of boots "Goenn" (worn) {rC+ Will+}
   (You found it in a sewer)

   It protects you from cold.
   It affects your willpower, your defense against some magical effects.
 V - a +3 plate armour of poison resistance
Jewellery
 m - a +6 ring of dexterity
 q - a ring of willpower
 s - an amulet of the acrobat (around neck)
 x - a ring of magical power
 M - a ring of poison resistance
 N - a ring of ice (left hand)
 O - a ring of willpower
 Q - a +4 ring of protection (right hand)
 R - a +6 ring of dexterity
 S - a ring of wizardry
Wands
 g - a wand of charming (21)
 t - a wand of acid (15)
 y - a wand of paralysis (20)
 G - a wand of mindburst (12)
 J - a wand of iceblast (30)
 K - a wand of digging (10)
 P - a wand of polymorph (8)
Scrolls
 j - 2 scrolls of magic mapping
 k - 4 scrolls of immolation
 o - 3 scrolls of enchant armour
 w - 3 scrolls of amnesia {unknown}
 A - 2 scrolls of fear {unknown}
 D - 2 scrolls of holy word {unknown}
 F - 2 scrolls of torment {unknown}
Potions
 a - 5 potions of flight
 d - 9 potions of might
 e - 3 potions of brilliance
 f - a potion of cancellation
 h - 2 potions of resistance
 p - 9 potions of curing
 r - 5 potions of lignification
 z - 2 potions of invisibility
 B - 11 potions of heal wounds
 E - 2 potions of magic
 H - a potion of mutation
 I - a potion of attraction


   Skills:
 + Level 14.0 Fighting
 - Level 6.4(11.0) Axes
 + Level 13.6(14.1) Maces & Flails
 + Level 13.9 Armour
 + Level 18.2 Shields


You had 14 spell levels left.
You didn't know any spells.
Your spell library was empty.

Dungeon Overview and Level Annotations

Branches:
Dungeon (12/15)            Temple (1/1) D:6            Lair (5/6) D:8
  Swamp (0/4) Lair:4        Snake (0/4) Lair:2          Orc (2/2) D:9
    Elf (0/3) Orc:2         Sewer (visited)          Bailey (visited)
  IceCv (visited)
  Slime: Lair:5-6

Altars:
Ashenzari
Cheibriados
Dithmenos
Elyvilon
Fedhas
Gozag
Hepliaklqana
Kikubaaqudgha
Makhleb
Nemelex Xobeh
Okawaru
Qazlal
Ru
Sif Muna
Trog
Uskayaw
Vehumet
Wu Jian
Xom
Yredelemnul
Zin
The Shining One

Shops:
D:2 ?(=(:   D:3 (   D:10 *   Orc:2 =![!

Annotations:
D:7 2 transporters, mushki's ghost, novice MiGl
Lair:2 2 transporters
Orc:1 Jorgrun


Innate Abilities, Weirdness & Mutations

You cannot be hasted, slowed, berserked, paralysed or teleported.
You can dig through walls and to a lower floor.
You have a pair of large antennae on your head. (SInv)
Your four strong arms can wield two-handed weapons with a shield.
You possess an exceptional clarity of mind.
You are covered in fur. (AC +1)
You expend magic power (3 MP) to strengthen your wands.


Message History

The magic dart hits you but does no damage.
The orc warrior hits you but does no damage.
Jorgrun hits you with a staff of earth.
* * * LOW HITPOINT WARNING * * *
The orc wizard hits you but does no damage.
The orc warrior hits you from afar with a +0 glaive.
* * * LOW HITPOINT WARNING * * *
Jorgrun hits you but does no damage.
The orc warrior hits you from afar with a +0 glaive!
* * * LOW HITPOINT WARNING * * *
Jorgrun gestures at you while chanting. You resist with almost no effort.
The orc wizard hits you with a +0 dagger.
* * * LOW HITPOINT WARNING * * *
The orc warrior hits you from afar with a +0 glaive.
* * * LOW HITPOINT WARNING * * *
Jorgrun hits you but does no damage.
The orc wizard hits you but does no damage.
The orc warrior hits you but does no damage.
Jorgrun hits you with a staff of earth.
* * * LOW HITPOINT WARNING * * *
The orc wizard hits you but does no damage.
The orc warrior hits you from afar with a +0 glaive!
* * * LOW HITPOINT WARNING * * *
Jorgrun points at you and mumbles some strange words.
Roots burst forth from the earth!
The grasping roots grab you! The grasping roots constrict you.
The orc wizard hits you but does no damage.
The orc warrior hits you but does no damage.
Jorgrun says, "May tha earth consume ye!"
Jorgrun hits you but does no damage.
* * * LOW HITPOINT WARNING * * *
The grasping roots constrict you.
The orc warrior hits you but does no damage.
Jorgrun hits you but does no damage. The grasping roots constrict you.
The orc wizard casts a spell at you.
The magic dart hits you but does no damage.
The orc warrior hits you from afar with a +0 glaive!
You die...

#.. ###...#..... #.
#...#.....#
#.#...#.#### #.
#)....# #. #..#.#.#
#. #o.# # ##oo#
##goo# #.@#{#
#.###.# #.## .#
#.#.## ## #.....#
#.....## ###
###..#.###.### ###
###.....#....###.##
##.#....#).........#


You could see Jorgrun, an orc warrior, an orc wizard and 3 orcs.

Vanquished Creatures
  An orc warlord (Orc:2)
  A minotaur (Lair:4)
  The ghost of Zero the Destroyer, a journeyman GrCj of Vehumet (Lair:4)
  8 hydras
  3 ice dragons
  Fannar (D:11)
  A boulder beetle (Lair:4)
  Erica (D:8)
  2 two-headed ogres (Orc:2)
  3 orc high priests (Orc:2)
  Urug (Lair:5)
  Nergalle (Lair:2)
  Sonja (Lair:4)
  An unseen horror (D:10)
  2 deep elf zephyrmancers (D:11)
  A lindwurm (Lair:5)
  5 deep elf pyromancers
  5 orc knights (Orc:2)
  2 manticores (D:11)
  2 ugly things
  3 orc sorcerers (Orc:2)
  9 elephants
  2 cyclopes
  6 black mambas
  3 ice statues
  Maggie (D:8)
  12 cane toads
  8 komodo dragons
  7 rime drakes
  5 trolls
  A hornet (D:10)
  2 polar bears
  20 blink frogs
  62 yaks
  A vampire (D:8)
  A wyvern (Lair:3)
  2 wraiths (D:12)
  A steam dragon (D:12)
  2 basilisks
  Grum (D:8)
  Menkaure (D:7)
  6 wargs
  3 nagas
  An acid dragon (D:11)
  14 water moccasins
  16 ice beasts
  27 orc warriors
  2 black bears
  5 sky beasts
  A necrophage (D:9)
  10 centaurs
  5 wolves
  10 ogres
  A phantom (D:5)
  3 kobold brigands
  16 bullfrogs
  2 gnoll sergeants
  11 scorpions
  13 wights
  A howler monkey (D:11)
  3 electric eels (Lair:4)
  A crimson imp (D:9)
  A bullfrog zombie (D:11)
  A quasit (D:9)
  5 hounds
  4 jellies
  2 bullfrog skeletons
  11 orc priests
  A centaur skeleton (D:4)
  Terence (D:2)
  15 orc wizards
  Natasha (thrice) (D:4)
  6 hell rats (Lair:5)
  11 worker ants
  A killer bee zombie (D:5)
  A hound zombie (D:7)
  3 hound skeletons
  A worker ant zombie (D:5)
  13 gnolls
  16 adders
  2 shadow imps
  3 white imps
  2 ufetubi
  2 oozes
  4 worms
  2 dart slugs
  8 leopard geckos
  80 orcs
  15 bats
  3 giant cockroaches
  12 goblins
  6 hobgoblins
  12 jackals
  4 quokkas
  4 ball pythons
  A ball python skeleton (D:6)
  4 frilled lizards
  A giant cockroach zombie (D:5)
  A jackal skeleton (D:8)
  26 kobolds
  A quokka skeleton (D:4)
  10 rats
  A bush (Lair:1)
  A plant (Lair:4)
645 creatures vanquished.

Vanquished Creatures (others)
  A komodo dragon (Lair:4)
  An orc wizard (D:8)
  22 fungi
  61 plants
  A withered plant (D:6)
86 creatures vanquished.

Grand Total: 731 creatures vanquished

Notes
Turn   | Place    | Note
-------+----------+-------------------------------------------
     0 | D:1      | Dreamer the Formicid Fighter began the quest for the Orb.
     0 | D:1      | Reached XP level 1. HP: 18/18 MP: 1/1
   189 | D:1      | Reached XP level 2. HP: 24/24 MP: 2/2
   448 | D:1      | Reached XP level 3. HP: 29/29 MP: 3/3
   452 | D:1      | Reached skill level 4 in Shields
  1171 | D:2      | Found Abimun's Weapon Shop.
  1184 | D:2      | Found Nypeq's Jewellery Emporium.
  1353 | D:2      | Found a basalt altar of Yredelemnul.
  1375 | D:2      | Found Qirilarchia's Weapon Boutique.
  1506 | D:2      | Found Qemy's Book Shop.
  1584 | D:2      | Found Evvoixom's Magic Scroll Shoppe.
  1592 | D:2      | Bought a scroll of random uselessness for 10 gold pieces
  1592 | D:2      | Bought a scroll of identify for 20 gold pieces
  1592 | D:2      | Bought a scroll of identify for 20 gold pieces
  1592 | D:2      | Bought a scroll of identify for 20 gold pieces
  1599 | D:2      | Noticed Terence
  1612 | D:2      | Killed Terence
  1613 | D:2      | Reached XP level 4. HP: 33/37 MP: 4/4
  1818 | D:3      | Found Ytepry's Antique Weapon Shoppe.
  2145 | D:3      | Found a sparkling altar of Nemelex Xobeh.
  2158 | D:3      | Reached XP level 5. HP: 25/42 MP: 5/5
  2581 | D:3      | Found a hazy altar of Hepliaklqana.
  2832 | D:4      | Noticed Natasha
  2847 | D:4      | Killed Natasha
  3072 | D:4      | Reached skill level 5 in Shields
  3072 | D:4      | Reached XP level 6. HP: 47/49 MP: 6/6
  3390 | D:3      | Reached XP level 7. HP: 5/55 MP: 7/7
  3816 | D:4      | Reached skill level 5 in Fighting
  3816 | D:4      | Reached skill level 5 in Armour
  3867 | D:4      | Found a blossoming altar of Fedhas.
  3907 | D:4      | Found a glowing silver altar of Zin.
  4040 | D:4      | Noticed Natasha
  4368 | D:4      | Killed Natasha
  4393 | D:4      | Reached skill level 6 in Shields
  4422 | D:4      | Reached XP level 8. HP: 57/63 MP: 8/8
  4749 | D:4      | Found the +7 Singing Sword {vorpal, sonic wave}
  4928 | D:4      | Noticed Natasha
  4934 | D:4      | Killed Natasha
  4948 | D:5      | Entered Level 5 of the Dungeon
  5252 | D:5      | Found a shimmering altar of Xom.
  5609 | D:5      | Reached skill level 5 in Maces & Flails
  6077 | D:6      | Found an ancient bone altar of Kikubaaqudgha.
  6158 | D:6      | Found a white marble altar of Elyvilon.
  6296 | D:6      | Found a glowing drain.
  6305 | Sewer    | Entered a sewer
  6478 | Sewer    | Identified the +0 pair of boots "Goenn" {rC+ Will+}
  6595 | Sewer    | Gained mutation: You are somewhat resistant to further
                  | mutation. [potion of mutation]
  6595 | Sewer    | Gained mutation: You expend magic power (3 MP) to
                  | strengthen your wands. [potion of mutation]
  6658 | D:6      | Found a staircase to the Ecumenical Temple.
  6666 | Temple   | Entered the Ecumenical Temple
  6722 | Temple   | Became a worshipper of Trog the Wrathful
  6913 | D:6      | Identified the +2 pair of gloves of the Slightly Bent
                  | {rPois Int-5 Dex+5 Stlth+}
  6993 | D:7      | Reached skill level 7 in Shields
  7105 | D:7      | Reached XP level 9. HP: 54/71 MP: 9/9
  7195 | D:7      | Found a flagged portal.
  7201 | Bailey   | Entered a bailey
  8604 | Bailey   | Reached skill level 8 in Shields
  9912 | Bailey   | Reached XP level 10. HP: 77/80 MP: 10/10
  9954 | Bailey   | Reached * piety under Trog
 10564 | D:7      | Reached skill level 9 in Shields
 10566 | D:7      | Reached skill level 1 in Axes
 10747 | D:7      | Found a transporter.
 10752 | D:7      | Lost mutation: You expend magic power (3 MP) to strengthen
                  | your wands. [potion of mutation]
 10752 | D:7      | Gained mutation: Your flesh is heat resistant. (rF+)
                  | [potion of mutation]
 10766 | D:7      | Found a transporter.
 10767 | D:7      | Noticed mushki's ghost (novice MiGl)
 10985 | D:7      | Found a broken altar of Ashenzari.
 11360 | D:7      | Noticed Menkaure
 11369 | D:7      | Killed Menkaure
 11383 | D:7      | Lost mutation: Your flesh is heat resistant. (rF+) [potion
                  | of mutation]
 11383 | D:7      | Lost mutation: You are somewhat resistant to further
                  | mutation. [potion of mutation]
 11383 | D:7      | Gained mutation: Your magical capacity is low. (-10% MP)
                  | [potion of mutation]
 11383 | D:7      | Gained mutation: Your spells are a little harder to cast,
                  | but a little more powerful. [potion of mutation]
 11511 | D:8      | Reached ** piety under Trog
 11711 | D:8      | Found a burning altar of Makhleb.
 11716 | D:8      | Found a glowing golden altar of the Shining One.
 11776 | D:8      | Found a staircase to the Lair.
 11814 | D:8      | Reached skill level 10 in Shields
 12749 | D:8      | Noticed Erica
 12763 | D:8      | Killed Erica
 12764 | D:8      | Reached XP level 11. HP: 77/89 MP: 9/9
 12839 | D:8      | Reached skill level 5 in Axes
 12872 | D:8      | Noticed Maggie
 12889 | D:8      | Noticed Grum
 12904 | D:8      | Killed Grum
 12980 | D:8      | Found an opulent altar of Gozag.
 13119 | D:8      | Killed Maggie
 13120 | D:8      | Reached skill level 11 in Shields
 13634 | D:9      | Found a burning altar of Makhleb.
 13670 | D:9      | Found a snail-covered altar of Cheibriados.
 13831 | D:9      | Reached *** piety under Trog
 13903 | D:9      | Found a staircase to the Orcish Mines.
 13911 | D:9      | Noticed a deep elf pyromancer
 13920 | D:9      | Killed a deep elf pyromancer
 14026 | D:9      | Found a shimmering blue altar of Sif Muna.
 14338 | D:10     | Entered Level 10 of the Dungeon
 14751 | D:10     | Found Naupekk's Assorted Antiques.
 14941 | D:10     | Noticed an unseen horror
 14953 | D:10     | Killed an unseen horror
 14954 | D:10     | Reached skill level 12 in Shields
 15180 | D:11     | Reached skill level 10 in Fighting
 15333 | D:11     | Noticed a purple ugly thing
 15343 | D:11     | Killed a purple ugly thing
 15348 | D:11     | Noticed a manticore
 15360 | D:11     | Killed a manticore
 15361 | D:11     | Reached skill level 10 in Armour
 15593 | D:11     | Noticed a deep elf zephyrmancer
 15614 | D:11     | Killed a deep elf zephyrmancer
 15615 | D:11     | Reached XP level 12. HP: 94/97 MP: 10/10
 15643 | D:11     | Reached **** piety under Trog
 15712 | D:11     | HP: 2/98 [burnt (7)]
 16147 | D:11     | Reached skill level 13 in Shields
 16819 | D:11     | Identified the Compendium of Axaxaxas mlö
 17067 | D:11     | Noticed Fannar
 17099 | D:11     | Killed Fannar
 17573 | D:12     | Noticed a five-headed hydra
 17579 | D:12     | Killed a five-headed hydra
 17580 | D:12     | Reached skill level 10 in Maces & Flails
 17638 | D:12     | Reached skill level 14 in Shields
 17715 | D:12     | Reached ***** piety under Trog
 17792 | D:12     | Found a frozen archway.
 17801 | D:12     | Noticed an ice dragon
 17802 | D:12     | Reached XP level 13. HP: 102/106 MP: 11/11
 17826 | D:12     | Killed an ice dragon
 17852 | IceCv    | Entered an ice cave
 18375 | IceCv    | Noticed an ice dragon
 18378 | IceCv    | Noticed an ice dragon
 18400 | IceCv    | Killed an ice dragon
 18413 | IceCv    | Killed an ice dragon
 18905 | D:12     | Noticed a seven-headed hydra
 18916 | D:12     | Reached skill level 15 in Shields
 18925 | D:12     | Killed a seven-headed hydra
 19031 | D:12     | Received a gift from Trog
 19647 | Lair:1   | Entered Level 1 of the Lair of Beasts
 19931 | Lair:1   | Noticed an eight-headed hydra
 19953 | Lair:1   | Killed an eight-headed hydra
 20089 | Lair:1   | Lost mutation: Your magical capacity is low. (-10% MP)
                  | [potion of mutation]
 20089 | Lair:1   | Lost mutation: Your spells are a little harder to cast, but
                  | a little more powerful. [potion of mutation]
 20089 | Lair:1   | Gained mutation: You are covered in fur. (AC +1) [potion of
                  | mutation]
 20089 | Lair:1   | Gained mutation: You expend magic power (3 MP) to
                  | strengthen your wands. [potion of mutation]
 20089 | Lair:1   | Gained mutation: You possess an exceptional clarity of
                  | mind. [potion of mutation]
 20536 | Lair:2   | Found a transporter.
 20727 | Lair:2   | Noticed a four-headed hydra
 20741 | Lair:2   | Killed a four-headed hydra
 20742 | Lair:2   | Reached XP level 14. HP: 101/115 MP: 14/14
 20802 | Lair:2   | Found a staircase to the Snake Pit.
 20879 | Lair:2   | Noticed Nergalle
 20892 | Lair:2   | Killed Nergalle
 20893 | Lair:2   | Reached skill level 16 in Shields
 20955 | Lair:2   | Found a transporter.
 22484 | Lair:3   | Received a gift from Trog
 22976 | Lair:4   | Identified the +8 whip "Killer Klown's Doom" {drain, Dex+2}
 22992 | Lair:4   | Reached skill level 17 in Shields
 22999 | Lair:4   | Found a runed translucent gate.
 22999 | Lair:4   | Found a runed translucent gate.
 22999 | Lair:4   | Found a runed translucent gate.
 23002 | Lair:4   | Noticed a minotaur
 23372 | Lair:4   | Noticed Zero's ghost (journeyman GrCj)
 23626 | Lair:4   | Found a staircase to the Swamp.
 23713 | Lair:4   | Killed a minotaur
 23740 | Lair:4   | Killed Zero's ghost
 24381 | Lair:4   | Noticed Sonja
 24392 | Lair:4   | Killed Sonja
 24393 | Lair:4   | Reached XP level 15. HP: 124/124 MP: 15/15
 24999 | Lair:4   | Identified the +4 hand axe of Uboiwef {speed, Dex+4}
 25487 | Lair:5   | Noticed Urug
 25504 | Lair:5   | Killed Urug
 26440 | Orc:1    | Entered Level 1 of the Orcish Mines
 26593 | Orc:2    | Entered Level 2 of the Orcish Mines
 26593 | Orc:2    | Found a staircase to the Elven Halls.
 26632 | Orc:2    | Noticed an orc warlord
 26646 | Orc:2    | Killed an orc warlord
 26834 | Orc:2    | Reached skill level 18 in Shields
 26948 | Orc:2    | Reached ****** piety under Trog
 26968 | Orc:2    | Received a gift from Trog
 27473 | Orc:2    | Found Xyuj's Jewellery Emporium.
 27473 | Orc:2    | Found Kaerueck's Distillery.
 27475 | Orc:2    | Found Juru's Distillery.
 27475 | Orc:2    | Found Cotryelo's Antique Armour Shop.
 27486 | Orc:2    | Bought a potion of heal wounds for 80 gold pieces
 27486 | Orc:2    | Bought a potion of curing for 48 gold pieces
 27486 | Orc:2    | Bought a potion of curing for 48 gold pieces
 27486 | Orc:2    | Bought a potion of heal wounds for 80 gold pieces
 27486 | Orc:2    | Bought a potion of curing for 48 gold pieces
 27489 | Orc:2    | Bought a potion of heal wounds for 70 gold pieces
 27489 | Orc:2    | Bought a potion of curing for 42 gold pieces
 27489 | Orc:2    | Bought a potion of heal wounds for 70 gold pieces
 27594 | Orc:1    | Noticed Jorgrun
 27637 | Orc:1    | HP: 6/126 [orc warrior/+0 glaive (8)]
 27640 | Orc:1    | Slain by an orc warrior

Illustrated notes

Levels and vault maps discovered:
D:1:      co_arrival_random_square_maze, layout_loops_ring
D:2:      layout_rooms, overflow_temple_1_default, serial_shops, shop, shop,
          shop, shop, shop_scrolls, corexii_item_surrounded_by_moat,
          kennysheep_donut, grunt_ministairs_2, uniq_terence
D:3:      layout_basic, lemuel_round_altar, old_standard_altar, serial_shops,
          nicolae_shop_overgrown_old_shop
D:4:      old_forge, layout_cave_pods, lemuel_doored_altar, fedhas_altar_2,
          uniq_natasha
D:5:      layout_loops_ring, xom_teletrap_fun
D:6:      layout_rooms, kiku_gazebo_garden_becter, elyvilon_altar_3,
          minmay_temple_entry_junction, portal_sewer_entry_b
D:7:      layout_cave_pods, general_overflow_altar, enter_bailey_3, serial_park,
          serial_park_gazebo [serial_park_minivault_5x5_3],
          gammafunk_ghost_mausoleum, uniq_menkaure
D:8:      layout_layer_cave, grunt_gozag_breadcrumbs, erik_lair_orcish_takeover,
          hangedman_decor_diamond_cutter, nzn_life_drinkers, uniq_erica,
          uniq_grum, uniq_maggie
D:9:      layout_basic, lemuel_coloured_pillars_altar, kennysheep_mini_moat,
          makhleb_grotto_becter, orc_0_dummy, minivault_21
D:10:     layout_basic, serial_shops, nicolae_shop_stone
D:11:     layout_gridville, bh_hangedman_babel_library, uniq_fannar
D:12:     layout_gridville, portal_ice_cave_entry_animals_and_master,
          minivault_15
Temple:   jpeg_temple_alley_garden
Lair:1:   layout_cave_shapes, serial_forest, infiniplex_forest_lined_room_2,
          infiniplex_forest_zigzag_1, infiniplex_forest_3_way,
          infiniplex_forest_clump_tiny, infiniplex_forest_straight_2,
          serial_bayou_shore_b
Lair:2:   gammafunk_cloud_chamber, layout_regular_city,
          minmay_snake_entry_guardpost_small, serial_rivers,
          chequers_serial_rivers_large_a, chequers_serial_rivers_micro_b,
          chequers_serial_rivers_marsh, chequers_serial_rivers_room_b,
          chequers_serial_rivers_micro_a, hangedman_lair_generics_rect,
          uniq_nergalle
Lair:3:   layout_loops_ring, grunt_megastairs_2
Lair:4:   wad_woods_structure_01, layout_regular_city, swamp_mist_pool,
          maelrawn_ghost_gauntlet_escape, dpeg_stationary_puzzle, uniq_sonja
Lair:5:   layout_misc_corridors, eino_small_chamber_without_monster,
          grunt_megastairs_1, lemuel_fruit_fields, uniq_urug
Orc:1:    layout_caves, uniq_jorgrun
Orc:2:    grunt_orc_tribal_feast, layout_caves

Skill      XL: |  1  2  3  4  5  6  7  8  9 10 11 12 13 14 15 |
---------------+----------------------------------------------+-----
Shields        | 4 5 6 7 8 10 12 14 15 17 18 | 18.2
Armour         | 4 5 6 7 9 10 11 12 13 | 13.9
Fighting       | 4 5 6 7 9 10 11 12 13 14 | 14.0
Maces & Flails | 3 4 5 6 7 8 10 12 13 | 13.6
Axes           | 4 6 |  6.4

Action                   |  1- 3 |  4- 6 |  7- 9 | 10-12 | 13-15 || total
-------------------------+-------+-------+-------+-------+-------++-------
Melee: Flail             |   104 |    31 |       |       |       ||   135
       Morningstar       |       |   130 |   376 |    33 |       ||   539
       Executioner's axe |       |       |       |   255 |       ||   255
       Dire flail        |       |       |       |   412 |   164 ||   576
       Great mace        |       |       |       |       |   800 ||   800
Throw: Javelin           |       |       |     8 |     3 |     9 ||    20
       Dart              |       |       |     2 |       |       ||     2
 Abil: Dig               |       |     3 |     8 |    20 |    33 ||    64
  Use: Scroll            |     2 |       |     8 |     7 |     8 ||    25
       Potion            |       |       |     2 |     4 |     4 ||    10
 Stab: Distracted        |       |       |       |     2 |       ||     2
Armor: Scale mail        |    38 |    56 |    38 |       |       ||   132
       Plate armour      |       |       |   105 |   217 |     8 ||   330
       Ice dragon scales |       |       |       |       |   290 ||   290
Dodge: Dodged            |    38 |    51 |   323 |   145 |   229 ||   786
Block: Kite shield       |    58 |    99 |   316 |   388 |   488 ||  1349

Table legend: (Time is in decaauts)
 A = Elapsed time spent in this place.
 B = Non-inter-level travel time spent in this place.
 C = Inter-level travel time spent in this place.
 D = Time resting spent in this place.
 E = Time spent auto-exploring this place.
 F = Levels seen in this place.
 G = Mean time per level.
                   A        B        C        D        E       F      G
               +--------+--------+--------+--------+--------+-----+--------+
         Total |  28104 |  27531 |    573 |   3907 |  15622 |  23 | 1221.9 |
       Dungeon |  15419 |  15021 |    398 |   2134 |   8922 |  12 | 1284.9 |
        Temple |     93 |     56 |     37 |      0 |     34 |   1 |   93.0 |
          Lair |   6813 |   6677 |    136 |    308 |   4721 |   5 | 1362.6 |
  Orcish Mines |   1205 |   1205 |      0 |    175 |    558 |   2 |  602.5 |
         Sewer |    346 |    346 |      0 |      0 |    123 |   1 |  346.0 |
        Bailey |   3278 |   3278 |      0 |   1122 |    705 |   1 | 3278.0 |
      Ice Cave |    948 |    948 |      0 |    168 |    558 |   1 |  948.0 |
               +--------+--------+--------+--------+--------+-----+--------+

Top non-repeatable levels by time:
  Bailey: 3278 daAuts
  Lair:4: 2245 daAuts
    D:11: 2170 daAuts
     D:8: 2056 daAuts
     D:4: 2012 daAuts
     D:3: 1277 daAuts
     D:7: 1273 daAuts
  Lair:2: 1224 daAuts
  Lair:5: 1192 daAuts
     D:5: 1135 daAuts
    D:12: 1131 daAuts
     D:1: 1122 daAuts
     D:9: 1120 daAuts
  Lair:3: 1102 daAuts
  Lair:1: 1048 daAuts
